 Dungeon Crawl Stone Soup version 0.32-a0-900-g30fb1b0edc (webtiles) character file.

Game seed: 5609324214105263608

167 Biggs the Shooter (level 5, 0/61 HPs)
             Began as a Coglin Hunter on Apr 6, 2024.
             Incinerated by a bombardier beetle (2 damage)
             ... with a burning spray
             ... on level 3 of the Dungeon.
             The game lasted 00:03:38 (1658 turns).

Biggs the Shooter (Coglin Hunter)                   Turns: 1658, Time: 00:03:38

Health: 0/61       AC: 22    Str: 11    XL:     5   Next: 48%
Magic:  5/5        EV:  2    Int:  8    God:
Gold:   142        SH:  0    Dex: 20    Spells: 4/4 levels left

rFire   . . .        a - +2 sling {Nammahani}
rCold   . . .        d - +0 sling {Eiko}
rNeg    . . .        c - melded +0 leather armour
rPois   +            h - melded +0 helmet
rElec   .            (cloak currently unavailable)
rCorr   .            (gloves currently unavailable)
SInv    .            (boots currently unavailable)
Will    .....        (amulet unavailable)
Stlth   +            (ring unavailable)
HPRegen 0.30/turn    (ring unavailable)
MPRegen 0.09/turn    (no gizmo)

%: no passive effects
@: on fire, tree-form, glowing, revving
A: stationary, stasis, torment immunity, boosted hp, off-hand wielding, slow
wielding, warmup strikes, no jewellery, robust 1
a: Invent Gizmo


You were on level 3 of the Dungeon.
You were a tree.
You visited 1 branch of the dungeon, and saw 3 of its levels.

You collected 142 gold pieces.

Inventory:

Hand Weapons
 a - a +2 sling (weapon) {Nammahani}
 d - a +0 sling (offhand) {Eiko}
Armour
 c - a +0 leather armour (melded)
 h - a +0 helmet (melded)
Wands
 m - a wand of warping (4)
Scrolls
 b - a scroll of butterflies
 e - 2 scrolls of enchant armour {unknown}
 f - 3 scrolls of teleportation {unknown}
 g - 3 scrolls of identify {unknown}
 j - a scroll of poison {unknown}
 k - a scroll of enchant weapon {unknown}
 l - a scroll of noise {unknown}
 n - a scroll of blinking {unknown}
Potions
 p - a potion of haste {unknown}


   Skills:
 - Level 2.0 Fighting
 + Level 6.0 Ranged Weapons
 - Level 1.7 Dodging
 - Level 0.7 Stealth


You had 4 spell levels left.
You didn't know any spells.
Your spell library was empty.

Dungeon Overview and Level Annotations

Branches:
Dungeon (3/15)

Altars:
Cheibriados


Innate Abilities, Weirdness & Mutations

You are a tree.
Your roots penetrate the ground, keeping you stationary.
You cannot be teleported.
You are immune to unholy pain and torment.
Your maximum health is greatly increased.
Your equipment is partially melded.
You can wield a second weapon in your off-hand.
It takes a long time for you to wield or remove held weapons.
Your first few attacks do less damage.
You cannot equip rings or amulets.
You are robust. (+10% HP)


Message History

The bombardier beetle sprays incendiary fluid at you.
The burning spray hits you.
You are even more covered in liquid fire!
You shoot a sling bullet.
The sling bullet hits the bombardier beetle but does no damage.
The bombardier beetle is almost dead.
You shoot a sling bullet.
The sling bullet closely misses the bombardier beetle.
The liquid fire burns you!
Unknown command.
You are too injured to fight recklessly!
Unknown command.
You are too injured to fight recklessly!
Unknown command.
You are too injured to fight recklessly!
Fire: a) +2 sling {Nammahani}
Press: ? - help, Q - select action, (/) - cycle Shift-Dir - straight line, f/p - bombardier beetle
Aim: a bombardier beetle (almost dead, 75% to hit)
You shoot a sling bullet.
The sling bullet hits the bombardier beetle.
You kill the bombardier beetle!
You shoot a sling bullet. The liquid fire burns you!
Your Ranged Weapons skill increases to level 6!
You shake off some of the fire as you move.
The liquid fire burns you!
* * * LOW HITPOINT WARNING * * *
You shake off some of the fire as you move.
The liquid fire burns you!
* * * LOW HITPOINT WARNING * * *
It was a potion of mutation.
You feel extremely strange.
You feel robust. The liquid fire burns you!
* * * LOW HITPOINT WARNING * * *
It was a potion of lignification.
You turn into a tree.
Your +0 helmet melds into your body.
Your +0 leather armour melds into your body.
Your roots penetrate the ground.
The liquid fire burns you!
You die...

#.#.# #........... ....
#.#.###....####### ....##
#.#÷##..####
......###......##
............####
......>##.#.# ########
....... #.#.# #.......
......†##.#.# #.#####.
.........♣#.#######.#####.
######.###..............#.
#. #..........###.#. #.
#....#######.#.#.
#.###....## #.....
##.........# #.#.#.
........#.## #.#.#.
#########.# #.#.## #.#
#.#.#


There were no monsters in sight!

Vanquished Creatures
  A bombardier beetle (D:3)
  4 gnolls (D:3)
  2 adders (D:3)
  2 dart slugs
  2 ribbon worms (D:2)
  6 bats
  3 endoplasms
  5 giant cockroaches
  5 goblins
  10 hobgoblins
  2 jackals (D:1)
  2 quokkas
  5 ball pythons
  A frilled lizard (D:1)
  6 kobolds
  6 rats
62 creatures vanquished.

Notes
Turn   | Place    | Note
-------+----------+-------------------------------------------
     0 | D:1      | Biggs the Coglin Hunter began the quest for the Orb.
     0 | D:1      | Reached XP level 1. HP: 16/16 MP: 1/1
   118 | D:1      | Reached skill level 4 in Ranged Weapons
   118 | D:1      | Reached XP level 2. HP: 21/22 MP: 2/2
   589 | D:1      | Reached XP level 3. HP: 27/27 MP: 3/3
   851 | D:2      | Identified the +6 whip of Courage {flame, rPois rC+ Will-
                  | Int+3}
   981 | D:2      | Found a faded altar of an unknown god.
  1244 | D:3      | Reached skill level 5 in Ranged Weapons
  1248 | D:3      | Reached XP level 4. HP: 33/33 MP: 4/4
  1293 | D:3      | Found a snail-covered altar of Cheibriados.
  1351 | D:3      | Reached XP level 5. HP: 38/38 MP: 5/5
  1655 | D:3      | Reached skill level 6 in Ranged Weapons
  1657 | D:3      | Gained mutation: You are robust. (+10% HP) [potion of
                  | mutation]
  1657 | D:3      | HP: 1/41 [burnt (4)]
  1658 | D:3      | Incinerated by a bombardier beetle

Illustrated notes

Levels and vault maps discovered:
D:1:      lightli_arrival_isolated_outpost, layout_loops_ring
D:2:      layout_loops_ring, nicolae_ecumenical_oubliette, minmay_tetromino_t2
D:3:      layout_basic, cheibriados_altar_1

Skill      XL: |  1  2  3  4  5 |
---------------+----------------+-----
Ranged Weapons | 4 5 6 |  6.0
Fighting       | |  2.0
Dodging        | |  1.7
Stealth        | |  0.7

Action                     |  1- 3 |  4- 6 || total
---------------------------+-------+-------++-------
   Fire: Sling             |   176 |    90 ||   266
    Use: Potion            |       |     2 ||     2
 Armour: Leather armour    |    15 |     5 ||    20
  Dodge: Dodged            |     6 |     8 ||    14

Table legend: (Time is in decaauts)
 A = Elapsed time spent in this place.
 B = Non-inter-level travel time spent in this place.
 C = Inter-level travel time spent in this place.
 D = Time resting spent in this place.
 E = Time spent auto-exploring this place.
 F = Levels seen in this place.
 G = Mean time per level.
                   A        B        C        D        E       F      G
               +--------+--------+--------+--------+--------+-----+--------+
         Total |   1689 |   1652 |     37 |      0 |   1395 |   3 |  563.0 |
       Dungeon |   1689 |   1652 |     37 |      0 |   1395 |   3 |  563.0 |
               +--------+--------+--------+--------+--------+-----+--------+

Top non-repeatable levels by time:
     D:2: 629 daAuts
     D:1: 606 daAuts
     D:3: 453 daAuts
